cohdb
Replays
Latest Replays
All Replays
Popular Replays
Top Player Replays
Match Explorer
How It Works
Community
CoH3 Stats
Reddit
Sign in to upload your games and track your stats! →
Sign in with Steam
Match 37433071
Unlisted
Match 37433071
Overview
Messages
Build Orders
End
Royal Engineer Section
Vickers Machine Gun Team
Construct Section Command Post
Dingo Light Scout Car
Infantry Section
Infantry Section
Grenade Package
Construct Platoon Command Post
Infantry Section
6-pounder Anti-tank Gun Team
Unlock M3 Stuart Light Tanks
Infantry Section
M3 Stuart Light Tank
JZuna
L'hermite
thicol14
Ra11
Hawker Typoon
Ju 87 Scuba Dive Boner
0
0
Comments
sign in to comment!
No comments posted yet!